 Dungeon Crawl Stone Soup version 0.13-a0-2301-g23820b6 (webtiles) character file.

2048 Kae the Archer (level 8, -3/61 HPs)
             Began as a Centaur Hunter on July 8, 2013.
             Slain by Kae's ghost (6 damage)
             ... on Level 7 of the Dungeon.
             The game lasted 00:13:39 (8501 turns).

Kae the Archer (Centaur Hunter)                     Turns: 8501, Time: 00:13:39

HP  -3/61        AC  5     Str 15      XL: 8   Next: 76%
MP   5/5         EV  9     Int 10      God:
Gold 312         SH  0     Dex 12      Spells:  0 memorised,  7 levels left

Res.Fire  : . . .   See Invis. : .   b - +1 bow
Res.Cold  : . . .   Warding    : .   y - +0 leather armour "Tottenon" {rN+}
Life Prot.: + . .   Conserve   : .   (no shield)
Res.Poison: .       Res.Corr.  : .   v - +0 helmet
Res.Elec. : .       Clarity    : .   (no cloak)
Sust.Abil.: . .     Spirit.Shd : .   (no gloves)
Res.Mut.  : .       Stasis     : .   (no barding)
Res.Rott. : .       Flight     : .   (no amulet)
Saprovore : . . .                    (no ring)
                                     (no ring)

@: very quick, slightly resistant to hostile enchantments, very unstealthy
A: hooves 3, deformed body, herbivore 1, speed 2, fast metabolism 1, tough skin
3
a: no special abilities


You were on level 7 of the Dungeon.
You were very hungry.

You visited 1 branch of the dungeon, and saw 7 of its levels.

You collected 292 gold pieces.

Inventory:

Hand weapons
 a - a +0,+0 short sword of electrocution
 b - a +1,+1 bow (weapon)
 e - a +0,+0 short sword
 i - a +0,+0 bow
Missiles
 c - 51 arrows (quivered)
 m - a dart
Armour
 d - a +0 leather armour
 v - a +0 helmet (worn)
 y - the cursed +0 leather armour "Tottenon" (worn) {rN+}
   (You found it on level 6 of the Dungeon)

   It protects you from negative energy.
   It has a curse placed upon it.
 E - the -5 ring mail "Luffedon" {Stlth}
   (You found it on level 4 of the Dungeon)

   It makes you more stealthy.
Magical devices
 w - a wand of fire (1)
 B - a wand of digging (12)
Comestibles
 f - 4 bread rations
 g - a beef jerky
 z - a pear
Scrolls
 h - a scroll of enchant armour {unknown}
 k - a scroll of acquirement {unknown}
 n - 5 scrolls of teleportation
 q - 3 scrolls of remove curse
 C - a scroll of fear
Potions
 l - 3 potions of curing
 o - a potion of heal wounds {unknown}
 p - a potion of berserk rage {unknown}
 r - a potion of agility {unknown}
 s - 2 potions of mutation {unknown}
 t - a potion of slowing {unknown}
 u - 2 potions of restore abilities {unknown}
 x - a potion of invisibility {unknown}
 A - a potion of beneficial mutation {unknown}
 F - 3 potions of might {unknown}
Books
 j - a book of the Tempests

   Spells                             Type                      Level
   Static Discharge                   Conjuration/Air              3
   Lightning Bolt                     Conjuration/Air              5
   Fireball                           Conjuration/Fire             5
   Tornado                            Air                          9
   Shatter                            Earth                        9
 G - a book of Cantrips

   Spells                             Type                      Level
   Confusing Touch                    Hexes                        1
   Animate Skeleton                   Necromancy                   1
   Summon Small Mammal                Summoning                    1
   Apportation                        Translocation                1


   Skills:
 - Level 1.0 Fighting
 * Level 14.7 Bows
 - Level 1.3 Dodging
 - Level 0.5 Stealth


You had 7 spell levels left.
You didn't know any spells.

Dungeon Overview and Level Annotations

Branches:
Dungeon (7/27)
 Temple: D:4-7          Orc: D:6-11

Altars:
Kikubaaqudgha
Makhleb
Trog

Annotations
D:7 Kae's ghost, experienced HOFi


Innate Abilities, Weirdness & Mutations

You have hooves in place of feet.
Armour fits poorly on your strangely shaped body.
You digest meat inefficiently.
You cover ground very quickly.
You have a fast metabolism.
You have extremely tough skin (AC +3).


Message History

Press: ? - help, Shift-Dir - straight line, f/p - Kae's ghost
Aim: Kae's ghost (severely damaged)
You shoot an arrow. The arrow hits Kae's ghost.
Kae's ghost is severely damaged.
Kae's ghost hits you.
* * * LOW HITPOINT WARNING * * *
Things that are here:
2 arrows; a rotting orc corpse Firing (i - inventory. (,) - cycle):
c - 53 arrows (quivered)
Press: ? - help, Shift-Dir - straight line, f/p - Kae's ghost
Aim: Kae's ghost (severely damaged)
You shoot an arrow. The arrow hits Kae's ghost.
Kae's ghost is almost destroyed.
Firing (i - inventory. (,) - cycle):
c - 52 arrows (quivered)
Press: ? - help, Shift-Dir - straight line, f/p - Kae's ghost
Aim: Kae's ghost (almost destroyed)
You shoot an arrow. The arrow hits Kae's ghost.
Kae's ghost is almost destroyed.
Kae's ghost hits you.
You die...

##>).## ##.((.#
###..(..#
###...((#####
###.....(###..##
#.....$.(..#...#
......#........#
...###...p...###
.# #..#.@....#
######....#
...## ####


You could see Kae's ghost.

Vanquished Creatures
  A sky beast (D:6)
  2 centaurs (D:6)
  An orc warrior (D:6)
  An ogre (D:6)
  Duvessa (D:5)
  A troll zombie (D:5)
  A troll skeleton (D:5)
  Dowan (D:5)
  A goliath beetle (D:6)
  3 hounds
  6 orc priests
  2 scorpions (D:4)
  10 orc wizards
  A giant frog skeleton (D:5)
  An iguana (D:6)
  5 worker ants
  Ijyb (D:3)
  An ogre zombie (D:5)
  4 gnolls (D:4)
  5 adders
  A giant mite (D:5)
  An inept item mimic (D:6)
  3 worms
  An adder skeleton (D:6)
  5 giant geckos
  2 oozes (D:3)
  32 orcs
  2 ball pythons
  A bat skeleton (D:4)
  5 giant cockroaches
  22 goblins
  10 hobgoblins
  5 jackals
  12 kobolds
  2 quokkas (D:5)
  11 bats
  A giant gecko skeleton (D:5)
  5 giant newts
  A kobold skeleton (D:4)
  An orc zombie (D:5)
  17 rats
189 creatures vanquished.

Vanquished Creatures (others)
  An orc wizard (D:5)
  2 orcs (D:4)
  A giant newt (D:1)
4 creatures vanquished.

Grand Total: 193 creatures vanquished

Notes
Turn   | Place    | Note
--------------------------------------------------------------
     0 | D:1      | Kae, the Centaur Hunter, began the quest for the Orb.
     0 | D:1      | Reached XP level 1. HP: 17/17 MP: 0/0
   342 | D:1      | Reached XP level 2. HP: 21/24 MP: 1/1
   366 | D:1      | Reached skill level 6 in Bows
   885 | D:1      | Reached XP level 3. HP: 27/29 MP: 2/2
  1375 | D:2      | Reached skill level 7 in Bows
  1737 | D:2      | Found a bloodstained altar of Trog.
  1772 | D:2      | Reached XP level 4. HP: 29/36 MP: 2/2
  2124 | D:3      | Noticed Ijyb
  2134 | D:3      | Killed Ijyb
  2431 | D:3      | Reached skill level 8 in Bows
  2630 | D:3      | Reached XP level 5. HP: 41/41 MP: 3/3
  3098 | D:4      | Reached skill level 9 in Bows
  3110 | D:4      | HP: 2/41 [something (4)]
  3711 | D:4      | Reached XP level 6. HP: 35/48 MP: 4/4
  3840 | D:4      | Reached skill level 10 in Bows
  4287 | D:4      | Reached XP level 7. HP: 53/53 MP: 4/4
  4294 | D:4      | Reached skill level 11 in Bows
  4425 | D:4      | Got a jewelled ring mail
  4435 | D:4      | Identified the cursed -5 ring mail "Luffedon" {Stlth} (You found it on level 4 of the Dungeon)
  4572 | D:5      | Entered Level 5 of the Dungeon
  5569 | D:5      | Reached skill level 12 in Bows
  6288 | D:5      | Found a burning altar of Makhleb.
  6288 | D:5      | Found an ancient bone altar of Kikubaaqudgha.
  6405 | D:5      | Noticed Dowan
  6407 | D:5      | Noticed Duvessa
  6418 | D:5      | Killed Duvessa
  6418 | D:5      | Reached XP level 8. HP: 50/61 MP: 5/5
  6477 | D:5      | Killed Dowan
  6477 | D:5      | Reached skill level 13 in Bows
  7327 | D:6      | Reached skill level 14 in Bows
  7419 | D:6      | Got a bloodstained leather armour
  7427 | D:6      | Identified the cursed +0 leather armour "Tottenon" {rN+} (You found it on level 6 of the Dungeon)
  8476 | D:7      | Noticed Kae's ghost (experienced HOFi)
  8494 | D:7      | HP: 2/61 [Kae's ghost (6)]
  8501 | D:7      | Slain by Kae's ghost

Action                   |  1- 3 |  4- 6 |  7- 9 || total
-------------------------+-------+-------+-------++-------
Melee: Short sword       |   109 |   100 |   140 ||   349
       Bow               |       |     1 |       ||     1
 Fire: Bow               |    17 |    89 |   180 ||   286
Evoke: Wand              |       |     1 |       ||     1
  Use: Potion            |       |     1 |       ||     1
       Scroll            |       |       |     9 ||     9
